 Dungeon Crawl Stone Soup version 0.31.0-9-g3a7656b989 (webtiles) character file.

Game seed: 11179814400705124150

249 qw the Shooter (level 5, -1/26 HPs)
             Began as a Spriggan Hunter on Feb 2, 2024.
             Was an Initiate of Okawaru.
             Slain by an orc warrior
             ... wielding a +0 antimagic trident
              (8 damage)
             ... on level 5 of the Dungeon.
             The game lasted 00:00:13 (3277 turns).

qw the Shooter (Spriggan Hunter)                    Turns: 3277, Time: 00:00:14

Health: -1/26      AC:  7    Str:  7    XL:     5   Next: 87%
Magic:  0/6        EV: 24    Int: 11    God:    Okawaru [......]
Gold:   184        SH:  0    Dex: 17    Spells: 4/4 levels left

rFire   . . .        a - +0 shortbow
rCold   . . .        (shield currently unavailable)
rNeg    . . .        c - +0 robe
rPois   .            (helmet restricted)
rElec   +            d - +4 cloak of Starshine {rElec Will+ Dex-3 Stlth+}
rCorr   .            (gloves unavailable)
SInv    +            (boots unavailable)
Will    +....        (no amulet)
Stlth   +++          h - +5 ring of evasion
HPRegen 0.24/turn    (no ring)
MPRegen 0.10/turn

%: no passive effects
@: about to teleport, very quick
A: very small, no large weapons, unfitting armour, see invisible, speed 3
a: Renounce Religion


You were on level 5 of the Dungeon.
You worshipped Okawaru.
Okawaru was noncommittal.
You visited 2 branches of the dungeon, and saw 6 of its levels.

You collected 184 gold pieces.


Innate Abilities, Weirdness & Mutations

You are very small and have problems with some larger weapons.
You are too small for most types of armour.
You have supernaturally acute eyesight. (SInv)
You cover ground extremely quickly. (Speed+++)


   Skills:
 - Level 2.1 Fighting
 - Level 6.2 Ranged Weapons
 + Level 4.9 Dodging
 - Level 1.5 Stealth


You had 4 spell levels left.
You didn't know any spells.
Your spell library was empty.

Inventory:

Hand Weapons
 a - a +0 shortbow (weapon)
Armour
 c - a +0 robe (worn)
 d - the +4 cloak of Starshine (worn) {rElec Will+ Dex-3 Stlth+}
   (You acquired it on level 1 of the Dungeon)

   Dex-3:     It affects your dexterity (-3).
   rElec:     It insulates you from electricity.
   Will+:     It increases your willpower.
   Stlth+:    It makes you more stealthy.
Jewellery
 h - a +5 ring of evasion (left hand)
Potions
 b - a potion of curing
 i - a potion of resistance

Dungeon Overview and Level Annotations

Branches:
Dungeon (5/15)             Temple (1/1) D:4

Altars:
Ashenzari
Cheibriados
Dithmenos
Elyvilon
Fedhas
Gozag
Makhleb
Nemelex Xobeh
Okawaru
Ru
Vehumet
Wu Jian
Xom
Zin
The Shining One

Annotations:
D:5 Pikel


Message History

The orc warrior is lightly wounded.
The orc warrior closely misses you.
You shoot an arrow.
The arrow hits the orc warrior but does no damage.
The orc warrior is lightly wounded.
The orc warrior hits you from afar with a +0 antimagic trident.
You shoot an arrow.
The arrow barely misses the orc warrior.
The orc warrior completely misses you.
You shoot an arrow.
The arrow hits the orc warrior but does no damage.
The orc warrior is lightly wounded.
The orc warrior completely misses you.
You shoot an arrow. The arrow hits the orc warrior.
The orc warrior is moderately wounded.
The orc warrior barely misses you.
You shoot an arrow.
The arrow hits the orc warrior but does no damage.
The orc warrior is moderately wounded.
The orc warrior hits you from afar with a +0 antimagic trident.
You feel your power leaking away.
You shoot an arrow.
The arrow closely misses the orc warrior.
The orc warrior misses you.
You shoot an arrow.
The arrow hits the orc warrior but does no damage.
The orc warrior is moderately wounded.
The orc warrior barely misses you.
You shoot an arrow.
The arrow completely misses the orc warrior.
The orc warrior hits you from afar with a +0 antimagic trident.
3276 ||| READING scroll of teleportation.
As you read the scroll of teleportation, it crumbles to dust.
You feel strangely unstable. The orc warrior completely misses you.
You shoot an arrow.
The arrow barely misses the orc warrior.
The orc warrior barely misses you.
The orc warrior hits you from afar with a +0 antimagic trident!
You die...

...# ... #.. .. #.
#o## #..# .# #@#
.######.# ####.#
...#... #....#
#.#.# #.##.#
####.#.#####.##.#
....#.......##.#
################.#
......#.......##.#
#####.#.#####.##.#


You could see an orc warrior.

Vanquished Creatures
  2 jellies
  A hound (D:4)
  3 gnolls (D:2)
  3 adders
  A white imp (D:5)
  A ribbon worm (D:3)
  3 dart slugs
  3 orcs (D:3)
  6 ball pythons
  6 endoplasms
  3 giant cockroaches
  9 hobgoblins
  8 jackals
  6 quokkas
  5 bats
  A frilled lizard (D:1)
  7 goblins
  9 kobolds
  3 rats
80 creatures vanquished.

Notes
Turn   | Place    | Note
-------+----------+-------------------------------------------
     0 | D:1      | qw the Spriggan Hunter began the quest for the Orb.
     0 | D:1      | Reached XP level 1. HP: 10/10 MP: 2/2
     0 | D:1      | 0 ||| qw: Version: 0.3-a-155-g5e7d8dd
     0 | D:1      | 0 ||| qw: Game counter: 1840
     0 | D:1      | 0 ||| qw: Melee chars always use a shield: true
     0 | D:1      | 0 ||| qw: God list: Okawaru
     0 | D:1      | 0 ||| qw: Allow faded altars: false
     0 | D:1      | 0 ||| qw: Do Orc after clearing Dungeon:15 true
     0 | D:1      | 0 ||| qw: Do second Lair branch before Depths: true
     0 | D:1      | 0 ||| qw: Lair rune preference: random
     0 | D:1      | 0 ||| qw: Goals: Normal
     0 | D:1      | 0 ||| PLANNING D:1-11
    30 | D:1      | Reached skill level 3 in Dodging
    78 | D:1      | Reached XP level 2. HP: 14/14 MP: 3/3
   721 | D:1      | 721 ||| READING 2 scrolls labelled REUCVOSY HAEGE.
   721 | D:1      | 721 ||| IDENTIFYING glowing clear potion
   722 | D:1      | 722 ||| READING scroll of identify.
   722 | D:1      | 722 ||| IDENTIFYING murky inky potion
   723 | D:1      | 723 ||| READING scroll labelled YGYCICK WORHA.
   723 | D:1      | Identified a scroll of acquirement
   723 | D:1      | 723 ||| ACQUIRING +4 cloak of Starshine {rElec Will+ Dex-3
                  | Stlth+}
   723 | D:1      | Acquired the +4 cloak of Starshine {rElec Will+ Dex-3
                  | Stlth+}
   725 | D:1      | 725 ||| UPGRADING to +4 cloak of Starshine {rElec Will+
                  | Dex-3 Stlth+}.
   730 | D:1      | 730 ||| DRINKING 2 sedimented cyan potions.
   765 | D:1      | 765 ||| DROPPING scroll of butterflies.
   766 | D:1      | 766 ||| DROPPING potion of lignification.
   767 | D:1      | 767 ||| DROPPING potion of brilliance.
   844 | D:2      | Reached XP level 3. HP: 18/18 MP: 4/4
   901 | D:2      | 901 ||| FLEEEEING.
   902 | D:2      | 902 ||| FLEEEEING.
   903 | D:2      | 903 ||| FLEEEEING.
   905 | D:2      | 905 ||| FLEEEEING.
   906 | D:2      | 906 ||| FLEEEEING.
   907 | D:2      | 907 ||| FLEEEEING.
   908 | D:2      | 908 ||| FLEEEEING.
   909 | D:2      | 909 ||| FLEEEEING.
   910 | D:2      | 910 ||| FLEEEEING.
   913 | D:2      | 913 ||| FLEEEEING.
   914 | D:2      | 914 ||| FLEEEEING.
   915 | D:2      | 915 ||| FLEEEEING.
   916 | D:2      | 916 ||| FLEEEEING.
  1085 | D:2      | Reached skill level 5 in Ranged Weapons
  1189 | D:2      | Reached XP level 4. HP: 23/23 MP: 5/5
  1245 | D:2      | 1245 ||| FLEEEEING.
  1247 | D:2      | 1247 ||| FLEEEEING.
  1248 | D:2      | 1248 ||| FLEEEEING.
  1249 | D:2      | 1249 ||| FLEEEEING.
  1251 | D:2      | 1251 ||| FLEEEEING.
  1252 | D:2      | 1252 ||| FLEEEEING.
  1253 | D:2      | 1253 ||| FLEEEEING.
  1585 | D:2      | 1585 ||| DROPPING amulet of magic regeneration.
  1586 | D:2      | 1586 ||| UPGRADING to +5 ring of evasion.
  1587 | D:2      | 1587 ||| DROPPING +6 ring of intelligence.
  1588 | D:2      | 1588 ||| READING scroll of identify.
  1588 | D:2      | 1588 ||| IDENTIFYING fuming clear potion
  1589 | D:2      | 1589 ||| READING scroll labelled CAXEEN DOSSEFFIQY.
  1590 | D:2      | 1590 ||| READING scroll labelled OCUTOCS CAIH.
  1591 | D:2      | 1591 ||| READING scroll labelled RIGHE MI YWUQE.
  1719 | D:3      | Reached XP level 5. HP: 26/26 MP: 6/6
  1726 | D:3      | Found a shimmering altar of Xom.
  1911 | D:3      | Found an ornate altar of the Wu Jian Council.
  2187 | D:3      | 2187 ||| READING 3 scrolls of identify.
  2187 | D:3      | 2187 ||| IDENTIFYING murky emerald potion
  2188 | D:3      | 2188 ||| READING 2 scrolls of identify.
  2188 | D:3      | 2188 ||| IDENTIFYING inky potion
  2189 | D:3      | 2189 ||| READING scroll of identify.
  2189 | D:3      | 2189 ||| IDENTIFYING scroll labelled KOARUGR QIT YHE
  2190 | D:3      | 2190 ||| DROPPING scroll of vulnerability.
  2229 | D:4      | Found a staircase to the Ecumenical Temple.
  2230 | D:4      | 2230 ||| PLANNING TEMPLE
  2238 | Temple   | Entered the Ecumenical Temple
  2239 | Temple   | 2239 ||| PLANNING OKAWARU WORSHIP
  2292 | Temple   | Became a worshipper of Warmaster Okawaru
  2293 | Temple   | 2293 ||| PLANNING D:1-11
  2399 | D:4      | Found a sparkling altar of Nemelex Xobeh.
  2474 | D:4      | Reached skill level 6 in Ranged Weapons
  3017 | D:4      | 3017 ||| READING scroll of identify.
  3017 | D:4      | 3017 ||| IDENTIFYING 2 scrolls labelled FOAPSE IRYM
  3059 | D:5      | Entered Level 5 of the Dungeon
  3096 | D:5      | Noticed a lemure
  3097 | D:5      | 3097 ||| DRINKING potion of haste.
  3097 | D:5      | Noticed Pikel
  3100 | D:5      | Noticed a lemure
  3101 | D:5      | 3101 ||| RETREEEEATING.
  3104 | D:5      | 3104 ||| RETREEEEATING.
  3106 | D:5      | 3106 ||| RETREEEEATING.
  3108 | D:5      | 3108 ||| RETREEEEATING.
  3110 | D:5      | Noticed a lemure
  3120 | D:5      | HP: 6/26 [Pikel/+1 whip of flaming (4)]
  3121 | D:5      | 3121 ||| READING 2 scrolls of teleportation.
  3122 | D:5      | 3122 ||| DRINKING potion of heal wounds.
  3251 | D:5      | Noticed an orc warrior
  3275 | D:5      | HP: 6/26 [orc warrior/+0 antimagic trident (4)]
  3276 | D:5      | 3276 ||| READING scroll of teleportation.
  3277 | D:5      | Slain by an orc warrior

Levels and vault maps discovered:
D:1:      noname_arrival_rooms_in_the_neighbourhood, layout_loops_ring,
          roderic_filled_cross
D:2:      layout_loops_ring, minmay_cupped
D:3:      layout_rooms, mainiacjoe_overflow_concentric_impassable,
          pdpol_wu_jian_five_deadly_venoms, roderic_serpentine_path, st_stairs_8
D:4:      layout_cave_pods, mainiacjoe_overflow_catwalk,
          minmay_temple_entry_glass
D:5:      layout_cave_pools, nzn_overflow_gifts_of_might_and_magic,
          serial_co_window_serial, co_window_paths_a, co_window_paths_a,
          co_window_corner_a, co_window_paths_b, co_window_paths_a,
          co_window_cross_4, co_window_broadway_b, co_window_unsneaky_path_d,
          co_window_corner_b, co_window_broadway_a, co_window_4corner_a,
          co_window_4corner_b, glass_columns_b, glass_columns_a,
          glass_columns_b, glass_columns_a, glass_columns_c, uniq_pikel,
          uniq_edmund
Temple:   minmay_temple_forest_path

Skill      XL: |  1  2  3  4  5 |
---------------+----------------+-----
Dodging        | 3 4 |  4.9
Ranged Weapons | 5 6 |  6.2
Fighting       | 2 |  2.1
Stealth        | |  1.5

Action                     |  1- 3 |  4- 6 || total
---------------------------+-------+-------++-------
   Fire: Shortbow          |   111 |   175 ||   286
    Use: Scroll            |     3 |    10 ||    13
         Potion            |     1 |     2 ||     3
 Armour: Robe              |    16 |    23 ||    39
  Dodge: Dodged            |    27 |    64 ||    91

Table legend:
 A = Non-vault XP
 B = Vault XP
 C = Vault XP percentage of total XP
 D = Non-vault monster count
 E = Vault monster count
 F = Vault count percentage of total count
                 A         B        C        D         E       F
            +---------+---------+-------+---------+---------+-------
      Total |     342 |      15 |   4.2 |      75 |       5 |   6.2
            +---------+---------+-------+---------+---------+-------
        D:1 |      40 |       0 |   0.0 |      24 |       0 |   0.0
        D:2 |     100 |       4 |   3.8 |      22 |       2 |   8.3
        D:3 |      85 |      11 |  11.5 |      15 |       3 |  16.7
        D:4 |     106 |       0 |   0.0 |      13 |       0 |   0.0
        D:5 |      11 |       0 |   0.0 |       1 |       0 |   0.0
            +---------+---------+-------+---------+---------+-------
